Cogmind - Beta 13 @@@ ROGUE MODE // 2024.04.18 @ 13:30:51 Player: Barbarossa Result: Destroyed by H-61 Shepherd with Heavy Assault Cannon Performance ------------- Evolutions (2) 1000 Regions Visited (3) 600 Robots Destroyed (68) 340 Value Destroyed (1862) 1862 Prototype IDs (6) 120 Alien Tech Used (0) 0 Bonus (0) 0 TOTAL SCORE: 3922 Bonus ------- None Cogmind --------- Core Integrity 0/550 Matter 102/300 Energy 300/300 System Corruption 0% Temperature Cool (35) Movement Core (1000) Ox19 Location -8/Materials Parts ------- > --- POWER (1) -------- Enhanced Nuclear Core > --- PROPULSION (4) --- (None) > --- UTILITY (3) ------ Improved Heat Sink High-capacity Storage Unit > --- WEAPON (3) ------- Autogun Minigun Light Cannon > --- INVENTORY (20) --- Heavy Ion Engine Heavy Ion Engine Enhanced Nuclear Core Improved Treads Huge Storage Unit High-capacity Matter Pod (200) Improved Weapon Shielding Improved Assault Rifle Improved Assault Rifle Improved Assault Rifle Plasma Cutter Peak State ------------ > --- POWER ------------ Enhanced Nuclear Core > --- PROPULSION ------- Light Treads Improved Treads Improved Treads Improved Treads > --- UTILITY ---------- High-capacity Storage Unit Light Armor Plating Medium Armor Plating > --- WEAPON ----------- Autogun Minigun Gauss Rifle > --- INVENTORY -------- Heavy Ion Engine Heavy Ion Engine Enhanced Nuclear Core Enhanced Nuclear Core Light Treads Light Treads Light Treads Improved Heat Sink Huge Storage Unit High-capacity Matter Pod Improved Weapon Shielding Spread Laser Spread Laser Spread Laser Autogun Improved Assault Rifle Improved Assault Rifle Improved Assault Rifle Light Cannon Plasma Cutter [Rating: 29] Favorites ----------- Power Ion Engine Engine Ion Engine Power Core Enhanced Nuclear Core Propulsion Improved Treads Treads Improved Treads Leg Aluminum Leg Utility High-capacity Storage Unit Device Sensor Array Storage High-capacity Storage Unit Protection Light Armor Plating Weapon Improved Assault Rifle Energy Gun Spread Laser Ballistic Gun Improved Assault Rifle Ballistic Cannon Light Cannon Special Weapon Plasma Cutter Build | -11 -10 -9 -8 ------- Run | Yrd Mat Mat Mat Slots Evolved 4 | . . 2 2 Power . | . . . . Propulsion 2 | . . 2 . Utility 1 | . . . 1 Weapon 1 | . . . 1 Parts Attached 52 | . 12 17 23 Power 4 | . 1 1 2 Engine 2 | . 1 1 . Core 2 | . . . 2 Reactor . | . . . . Propulsion 18 | . 5 8 5 Treads 18 | . 5 8 5 Leg . | . . . . Wheel . | . . . . Hover . | . . . . Flight . | . . . . Utility 10 | . 3 3 4 Device 2 | . 1 . 1 Storage 2 | . 2 . . Processor . | . . . . Hackware . | . . . . Protection 6 | . . 3 3 Artifact . | . . . . Weapon 20 | . 3 5 12 Energy Gun 4 | . . 1 3 Energy Cannon . | . . . . Ballistic Gun 14 | . 3 3 8 Ballistic Cannon 1 | . . . 1 Launcher . | . . . . Special Weapon 1 | . . 1 . Impact Weapon . | . . . . Slashing Weapon . | . . . . Piercing Weapon . | . . . . Special Melee Weapon . | . . . . Unidentified Prototypes 3 | . 1 1 1 Parts Lost 12 | . . 3 9 Power 2 | . . 1 1 Propulsion 5 | . . 1 4 Utility 2 | . . 1 1 Weapon 3 | . . . 3 Highest Loss Streak 5 | . . 2 5 To Critical Strikes . | . . . . Average Slot Usage (%) 98 | . 99 98 94 Engine 10 | . 14 10 1 Core 1 | . . . 7 Treads 34 | . 28 43 32 Device 6 | . 13 1 1 Storage 11 | . 14 11 9 Protection 6 | . . 9 14 Ballistic Gun 24 | . 28 21 23 Naked Turns . | . . . . Heaviest Build 68 | 11 52 60 68 Greatest Support 92 | 20 46 92 89 Greatest Overweight (x) 1 | . 1 . . Average Overweight (x) . | . . . . Largest Inventory Capacity 20 | . 20 20 20 Average Capacity 18 | . 15 20 20 Most Carried 20 | . 15 19 20 Average Carried 15 | . 12 17 18 Final Capacity 20 | 8 20 20 20 Final Carried 17 | 6 15 17 11 Class Distribution -------------------- 82% | Mutant 15% | Tank Dominant Class ---------------- Mutant | -10/Materials Mutant | -9/Materials Tank | -8/Materials Resources | -11 -10 -9 -8 ----------- Run | Yrd Mat Mat Mat Matter Collected 1809 | 188 411 745 465 Remotely . | . . . . Salvage Created 2483 | . 450 1257 776 Parts 168 | . 34 91 43 Haulers Intercepted 5 | . 1 2 2 Recyclers Shooed 1 | . . 1 . Parts Field Recycled . | . . . . Retrieved Matter . | . . . . Parts Self-Destructed . | . . . . Prevented . | . . . . Kills | -11 -10 -9 -8 ------- Run | Yrd Mat Mat Mat Combat Hostiles Destroyed 51 | . 10 25 16 Guns 51 | . 10 25 16 Classes Destroyed 12 | . 5 3 4 Worker 1 | . 1 . . Builder 3 | . . 2 1 Hauler 5 | . 1 2 2 Recycler 2 | . . 2 . Mechanic 1 | . . . 1 Watcher 5 | . 3 2 . Swarmer 10 | . 3 7 . Cutter 3 | . . . 3 Grunt 27 | . 7 10 10 Brawler 1 | . . . 1 Sentry 9 | . . 8 1 Hunter 1 | . . . 1 Best Kill Streak 7 | . 7 5 4 Combat Bots Only 6 | . 6 5 4 Max Kills in Single Turn 2 | . 2 2 2 Gunslinging 1 | . . . 1 Exploded . | . . . . Melee . | . . . . Uniques/NPCs Destroyed . | . . . . Combat | -11 -10 -9 -8 -------- Run | Yrd Mat Mat Mat Hostile Shots Fired 343 | . 35 148 160 Missed 111 | . 16 42 53 Damage Taken 3536 | . 215 1226 2095 Core 771 | . 54 159 558 Absorbed by Shields . | . . . . Redirected to Shielding 55 | . . 19 36 Regen/Repaired (Parts) 131 | . . 131 . Core Remaining (%) 79 | 100 78 60 . Volleys Fired 165 | . 26 88 51 Largest 3 | . 2 2 3 Hottest 158 | . 46 46 158 Shots Fired 373 | . 52 176 145 Gun 363 | . 52 176 135 Cannon 10 | . . . 10 Launcher . | . . . . Special . | . . . . Kinetic 345 | . 52 176 117 Thermal 28 | . . . 28 Explosive . | . . . . Electromagnetic . | . . . . Robot Hit Streak 21 | . 5 21 19 Robot Miss Streak 11 | . 3 3 11 Penetration Max 1 | . . . 1 Secondary Targets 14 | . 5 4 5 Max Gunslinging Chain 1 | . 1 1 1 Shots Hit Robots 277 | . 37 130 110 Core Hits 139 | . 19 48 72 Critical Kills 1 | . 1 . . Critical Parts Destroyed 2 | . 1 1 . Critical Strikes 3 | . 2 1 . Destroy 3 | . 2 1 . Melee Attacks . | . . . . Impact . | . . . . Slashing . | . . . . Piercing . | . . . . Sneak Attacks . | . . . . Combat Hostiles . | . . . . Follow-up Attacks . | . . . . Damage Inflicted 4470 | . 603 2036 1831 Guns 4309 | . 603 2014 1692 Cannons 139 | . . . 139 Explosions . | . . . . Melee . | . . . . Ramming 22 | . . 22 . Kinetic 4110 | . 603 2014 1493 Thermal 338 | . . . 338 Explosive . | . . . . Electromagnetic . | . . . . Impact . | . . . . Slashing . | . . . . Piercing . | . . . . Highest Corruption . | . . . . Average Corruption . | . . . . Corruption Purged . | . . . . Corruption Blocked . | . . . . Overload Shots . | . . . . Overflow Damage . | . . . . Projectiles . | . . . . Explosions . | . . . . Melee . | . . . . Knockbacks . | . . . . Impact . | . . . . Kinetic . | . . . . Secondary . | . . . . Self-Inflicted Damage . | . . . . Shots . | . . . . Rammed 1 | . . 1 . Targets Rammed 2 | . . 2 . Kicked . | . . . . Crushed 1 | . . 1 . Highest Temperature 575 | . 10 20 575 Average Temperature 100 | . 3 4 128 Received Heat Transfer 1335 | . 99 363 873 Effects 8 | . . . 8 Shutdowns 2 | . . . 2 Energy Bleed 1 | . . . 1 Interference 2 | . . . 2 Short Circuit 1 | . . . 1 Damage (major) 1 | . . . 1 Damage (core) 1 | . . . 1 Siege Activations . | . . . . Robots Corrupted . | . . . . Combat Hostiles . | . . . . Parts Fried . | . . . . Impact Corruptions . | . . . . Robots Melted . | . . . . Combat Hostiles . | . . . . Parts Melted . | . . . . Heat Transferred 415 | . . . 415 Parts Sabotaged . | . . . . Parts Stolen . | . . . . Parts Stripped . | . . . . Power Chain Reactions . | . . . . Alert | -11 -10 -9 -8 ------- Run | Yrd Mat Mat Mat Peak Influence 284 | . 239 284 230 Initial 61 | . . . 61 Average 81 | . 31 115 131 Maximum Alert Level 1 | . 1 1 1 Low Security (%) 90 | . 96 85 89 Level 1 9 | . 3 14 10 Level 2 . | . . . . Level 3 . | . . . . Level 4 . | . . . . Level 5 . | . . . . High Security . | . . . . Max Security . | . . . . Squads Dispatched 12 | . 2 5 5 Investigation 4 | . 1 3 . Extermination . | . . . . Reinforcement 6 | . 1 2 3 Assault . | . . . . Garrison 2 | . . . 2 Intercept . | . . . . Searches Triggered . | . . . . Construction Impeded . | . . . . Haulers Reinforced . | . . . . Active Scanning Responses . | . . . . Cargo Convoy Interrupts . | . . . . Stealth | -11 -10 -9 -8 --------- Run | Yrd Mat Mat Mat Distress Signals 6 | . 3 1 2 Communications Jammed . | . . . . Distress Signals . | . . . . Times Spotted 70 | . 14 32 24 Peak Tracking Total 7 | . 6 5 7 Tactical Retreats . | . . . . Traps | -11 -10 -9 -8 ------- Run | Yrd Mat Mat Mat Traps Triggered 3 | . 1 2 . Indirectly . | . . . . Trap Hack Attempts . | . . . . Triggered . | . . . . Disarmed . | . . . . Reprogrammed . | . . . . Reused . | . . . . Traps Extracted . | . . . . Installed . | . . . . Triggered . | . . . . Machines | -11 -10 -9 -8 ---------- Run | Yrd Mat Mat Mat Machines Disabled 1 | . . 1 . Max in Single Turn 1 | . . 1 . Machines Repaired . | . . . . Machines Dismantled 2 | . . 2 . Machines Sabotaged . | . . . . Overloaded Fab Kills . | . . . . Hacking | -11 -10 -9 -8 --------- Run | Yrd Mat Mat Mat Machines Accessed 18 | . 5 11 2 Terminals 14 | . 5 7 2 Fabricators . | . . . . Repair Stations 2 | . . 2 . Recycling Units . | . . . . Scanalyzers 2 | . . 2 . Garrison Access . | . . . . Total Hacks 54 | . 12 38 4 Successful 32 | . 6 24 2 Failed 22 | . 6 14 2 Catastrophic 1 | . 1 . . Database Lockouts . | . . . . Manual 29 | . 9 17 3 Terminals 35 | . 12 19 4 Fabricators . | . . . . Repair Stations 13 | . . 13 . Recycling Units . | . . . . Scanalyzers 6 | . . 6 . Garrison Access . | . . . . Terminal Hacks 9 | . 3 5 1 Prototype ID Bank 2 | . 1 . 1 Terminal Index 2 | . . 2 . Alert Level 1 | . . 1 . Unreport Threat 1 | . . 1 . Locate Traps 2 | . 2 . . Hauler Manifests 1 | . . 1 . Fabricator Hacks . | . . . . Repair Station Hacks 9 | . . 9 . Scan Component 6 | . . 6 . Repair 3 | . . 3 . Recycling Unit Hacks . | . . . . Scanalyzer 6 | . . 6 . Insert Component 3 | . . 3 . Analyze 3 | . . 3 . Garrison Access Hacks . | . . . . Unauthorized Hacks 8 | . 3 4 1 Terminals 8 | . 3 4 1 Botnet 8 | . 3 4 1 Fabricators . | . . . . Repair Stations . | . . . . Recycling Units . | . . . . Scanalyzers . | . . . . Garrison Access . | . . . . Data Cores Recovered . | . . . . Used . | . . . . Hacking Detections 16 | . 4 11 1 Full Trace Events 2 | . . 2 . Feedback Events . | . . . . Feedback Blocked . | . . . . Robot Schematics Acquired . | . . . . Robots Built . | . . . . Authchips . | . . . . Time . | . . . . Total Robot Build Rating . | . . . . Part Schematics Acquired 3 | . . 3 . Parts Built . | . . . . Authchips . | . . . . Time . | . . . . Total Part Build Rating . | . . . . Parts Repaired 3 | . . 3 . Time 96 | . . 96 . Parts Recycled . | . . . . Recycled Matter . | . . . . Retrieved Matter . | . . . . Retrieved Components . | . . . . Parts Scanalyzed 3 | . . 3 . Part Schematics Acquired 3 | . . 3 . Parts Damaged . | . . . . Bothacking | -11 -10 -9 -8 ------------ Run | Yrd Mat Mat Mat Used RIF Installer . | . . . . Robots Hacked . | . . . . Non-combat . | . . . . Combat . | . . . . Robot Hacks Applied . | . . . . Relay Couplers Released . | . . . . Fabnet Peak Effective % . | . . . . Robots Rewired . | . . . . Allies Hacked . | . . . . Hacks Repelled . | . . . . Allies | -11 -10 -9 -8 -------- Run | Yrd Mat Mat Mat Total Allies . | . . . . Largest Group . | . . . . Highest-Rated Group . | . . . . Highest-Rated Ally . | . . . . Total Orders . | . . . . Ally Attacks . | . . . . Total Damage . | . . . . Kills . | . . . . Allies Corrupted . | . . . . Allies Melted . | . . . . Intel | -11 -10 -9 -8 ------- Run | Yrd Mat Mat Mat Robot Analysis Total . | . . . . Derelict Logs Recovered . | . . . . Drone Launches . | . . . . Drone Recoveries . | . . . . Exploration | -11 -10 -9 -8 ------------- Run | Yrd Mat Mat Mat Turns Passed 4119 | . 1784 1621 714 Spaces Moved 1806 | 1 819 685 301 Core . | . . . . Treads 1805 | . 819 685 301 Legs 1 | 1 . . . Wheels . | . . . . Hover . | . . . . Flight . | . . . . Fastest Speed 120 | 120 160 160 160 Average Speed 179 | 120 202 160 160 Slowest Speed 240 | 120 240 160 160 Overloaded Moves . | . . . . Propulsion Burnouts . | . . . . Robots Hopped . | . . . . Cave-ins Triggered . | . . . . Exploration Rate (%) 50 | 2 97 82 20 Regions Visited 3 Branch Regions . Pre-discovered Areas . | . . . . Known Exits Taken . | . . . . Unknown Exits Taken 3 | 1 1 1 . Scrap Searched . | . . . . Spaces Dug . | . . . . Terrain Destroyed . | . . . . Melee . | . . . . Projectile . | . . . . AOE . | . . . . Terrain Rammed . | . . . . Walls Destroyed . | . . . . Machines Disabled . | . . . . Actions | -11 -10 -9 -8 --------- Run | Yrd Mat Mat Mat Total 2337 | . 898 996 443 Wait 217 | . 5 167 45 Move 1803 | . 818 684 301 Hop . | . . . . Pick Up 49 | . 21 14 14 Fast Attach 3 | . 2 . 1 Attach 24 | . 1 10 13 Detach 2 | . . 2 . Swap 25 | . 9 7 9 Drop 29 | . 16 4 9 Fire 165 | . 26 88 51 Melee . | . . . . Ram . | . . . . Kick . | . . . . Crush 2 | . . 2 . Escape Stasis . | . . . . Rewire . | . . . . Trap . | . . . . Miscellaneous 18 | . . 18 . Route ------- -11/Scrapyard -10/Materials (discovered 4 exits: *Mat x3 / [*Min]) -9/Materials (discovered 4 exits: *Mat x3 / [*Min]) -8/Materials History --------- Turn | Location | Event 1 | -11/Scrapyard | Discovered new exit (range 0) 1 | -11/Scrapyard | Entered Materials 152 | -10/Materials | Discovered new exit (range 8) 221 | -10/Materials | Discovered new exit (range 16) 301 | -10/Materials | Build established: Mutant 391 | -10/Materials | Discovered new exit (range 16) 577 | -10/Materials | Discovered new exit (range 11) 1785 | -10/Materials | Entered another Materials area 1785 | -9/Materials | Evolved 2 slots: Propulsion x2 2237 | -9/Materials | Repaired Imp. Treads 2279 | -9/Materials | Discovered new exit (range 3) 2367 | -9/Materials | Repaired Imp. Treads 2401 | -9/Materials | Repaired Imp. Treads 2896 | -9/Materials | Discovered new exit (range 14) 3057 | -9/Materials | Discovered new exit (range 14) 3315 | -9/Materials | Discovered new exit (range 16) 3406 | -9/Materials | Entered another Materials area 3406 | -8/Materials | Evolved 2 slots: Utility x1, Weapon x1 3713 | -8/Materials | Build established: Tank 4000 | -8/Materials | Garrison activated, responded to threat 4027 | -8/Materials | Core integrity fell below 50% 4066 | -8/Materials | Lost 5 parts (1p2n1u1w) 4117 | -8/Materials | Core integrity fell below 20% 4120 | -8/Materials | Destroyed by H-61 Shepherd with Heavy Assault Cannon Last Messages --------------- 04096_ Lgt. Treads blasted off. 04097_ K-01 Serf collects debris. 04098_ K-01 Serf destroyed. 04099_ R-06 Scavenger collects Recalibrator. 04101_ K-01 Serf collects debris. 04102_ R-06 Scavenger collects Wheel. 04104_ K-01 Serf collects debris. 04104_ Lgt. Treads destroyed. 04105_ R-06 Scavenger collects Wheel. 04106_ Slug penetrates Wall. 04106_ K-01 Serf destroyed. 04108_ K-01 Serf collects debris. 04108_ Lgt. Treads destroyed. 04108_ Knocked back. 04109_ Acquired 18 matter. 04110_ The unstable cave ceiling collapses. 04110_ Imp. Heat Sink crushed. 04112_ K-01 Serf collects debris. 04115_ Destroyed Weapon Cycler. 04116_ K-01 Serf collects debris. Map ----- +----------------------------------------------------+ | ?????????????????????????????????????????????????? | | ?????????????????????????????????????????????????? | | ?????????????????????????????????????????????????? | | ?????????????????????????????????????????????????? | | ?????????????????????????????????????????????????? | | ?????????????????????????????????????????????????? | | ?????????????????????????????????????????????????? | | ?????????????????????????????????????????????????? | | ?????????????????????????????????????????????????? | | ?????????????????????????????????????????????????? | | ?????????????????????????????????????????????????? | | ?????????????????????????????????????????????????? | | ?????????????????????????????????????????????????? | | ?????????????????????????????????????????????????? | | ?????????????????????????????????????????????????? | | ??????????????????????????????#??????????????????? | | ????????????????????????????? #??????????????????? | | ?????????????????????????????%#??????????????????? | | ??????????????????????###???#%#??????????????????? | | ??????????????????????# ####;%#??????????????????? | | ?????????????????###### % H##?????????????????? | | ?????????????????# %= #?????????????????? | | ?????????????????# [ = =% % ####+####?????????? | | ?????????????????# "" !==!*% g g ???????? | | ?????????????????# "" %!;%[! % k ???????? | | ?????????????????# "" @==%k|g ???????? | | ?????????????????# """" [###! ########+????????? | | ?????????????????# * """%/# #???????????????? | | ?????????????????# %### #???????????????? | | ?????????????????#####+#####?? #???????????????? | | ?????????????????????# #??????? #???????????????? | | ?????????????????????# #????????!#???????????????? | | ?????????????????????# #???????? #???????????????? | | ?????????????????????# #?????????#???????????????? | | ?????????????????????# #?????????????????????????? | | ?????????????????????# #?????????????????????????? | | ?????????????????????#%#?????????????????????????? | | ??????????######?????# #???########??????????????? | | ??????????# #?????# #???# * T #??????????????? | | ??????????# #?????#%#???# #??????????????? | | ??????????# #?????#[#???# """ ##########?????? | | ??????????# #######[#???# """ # #?????? | | ??????????# + =!!#???# """ # """"" #?????? | | ??????????# ### [*!#???# # """"" #?????? | | ??????????# #?# =%########+### """"" #?????? | | ??????????# ### ==! # """"" #?????? | | ??????????# + * + """"" #?????? | | ??????????###########= # """"" #?????? | | ????????????# # % ##+########! """"" #?????? | | ????????????# ##[ [## ## #?????? | +----------------------------------------------------+ Best States ------------- Heat Dissipation 45 Energy Generation 17 Energy Capacity 300 Matter Stores 300 Matter Capacity 300 Sight Range 16 Robot Scan Range 14 Terrain Scan Density 10 Armor Coverage 375 Weapon Shielding 66 Evasion (%) 40 Recoil Reduction 4 Item Schematics ----------------- Imp. Treads | -9/Materials | Scanalyzed Plasma Cutter | -9/Materials | Scanalyzed Spread Laser | -9/Materials | Scanalyzed Robot Schematics ------------------ None Fabricated ------------ Nothing Alien Tech Used ----------------- None Achievements -------------- None Challenges ------------ None Game ------ Seed ArcAssaultFirepult Manual? 0 Play Time 00:40:23 Cumulative 106.2 hours Start 2024.04.18 @ 12:31:24 End 2024.04.18 @ 13:30:51 Sessions 1 Manual Loads 0 Difficulty Rogue Special Mode None Game No. 211 Rogue 211 Adventurer 0 Explorer 0 Win Type - Total 0 Types 0/0/0/0/0/0/0/0/0 Lore% 30 Gallery% 41 Achievement% 27 Wizard Run 0 Options --------- Layout 1 ASCII 0 Keyboard 0 Movement Mouse Keybinds 0 Fullscreen 1 Font 24/Smallcaps Map View 50x40 Zoom Use 0% Tactical HUD 1 Map Filters NONE Filters NONE Steam 1 RUN: 8033463c-153f-4dd4-aad7-978f14d94c24